 Dungeon Crawl Stone Soup version 0.29.1-1-gd02db6906a (webtiles) character file.

Game seed: 5200489795219945703

102 Descartes the Charlatan (level 4, 0/18 HPs)
             Began as a Felid Wanderer on Oct 21, 2022.
             Slain by an orc wizard
             ... wielding a +0 dagger
              (4 damage)
             ... on level 3 of the Dungeon.
             The game lasted 00:04:02 (4328 turns).

Descartes the Charlatan (Felid Wanderer)            Turns: 4328, Time: 00:04:02

Health: 0/18       AC:  1    Str: 11    XL:     4   Next: 50%
Magic:  5/5        EV: 18    Int: 11    God:
Gold:   177        SH:  0    Dex: 16    Spells: 3/3 levels left
                                        Lives:  0   Deaths: 1

rFire   . . .      SeeInvis +     - Unarmed
rCold   . . .      Faith    .   (shield unavailable)
rNeg    + . .      Spirit   .   (body armour unavailable)
rPois   .          Reflect  .   (helmet unavailable)
rElec   .          Harm     .   (cloak unavailable)
rCorr   .          Rampage  .   (gloves unavailable)
Will    .....                   (boots unavailable)
Stlth   ++........              (no amulet)
HPRegen 0.06/turn               f - ring of positive energy
MPRegen 0.09/turn               (no ring)

@: quick
A: very small, claws 1, fangs 3, see invisible, speed 1, shaggy fur 1, stealthy
paws, no weapons or thrown items, no armour, multi-lived
a: no special abilities


You were on level 3 of the Dungeon.
You visited 1 branch of the dungeon, and saw 3 of its levels.

You collected 177 gold pieces.

Inventory:

Jewellery
 f - a ring of positive energy (left paw)
Wands
 a - a wand of mindburst (14) (quivered)
Scrolls
 d - 3 scrolls of fog
 g - a scroll of noise {unknown}
 h - a scroll of torment {unknown}
 k - a scroll of teleportation {unknown}
 m - a scroll of magic mapping {unknown}
 n - 5 scrolls of identify {unknown}
 o - a scroll of blinking {unknown}
 p - a scroll of summoning {unknown}
 q - a scroll of enchant armour {unknown}
Potions
 b - a potion of attraction
 c - a potion of lignification
 e - a potion of brilliance {unknown}
 i - a potion of mutation {unknown}
 j - a potion of heal wounds {unknown}
 l - a potion of curing {unknown}


   Skills:
 + Level 3.5 Dodging
 - Level 1.3 Stealth
 + Level 4.7 Unarmed Combat
 + Level 1.9 Transmutations
 + Level 1.4 Poison Magic
 + Level 4.8 Evocations


You had 3 spell levels left.
You didn't know any spells.
Your spell library was empty.

Dungeon Overview and Level Annotations

Branches:
Dungeon (3/15)

Altars:

Annotations:
D:3 3 runed translucent doors, ababab's ghost, weakling FeEn


Innate Abilities, Weirdness & Mutations

You have sharp claws.
You have razor-sharp teeth.
You have supernaturally acute eyesight. (SInv)
You cover ground quickly. (Speed+)
You are covered in fur. (AC +1)
Your paws help you pounce on unaware monsters.
You are incapable of wielding weapons or throwing items.
You cannot wear armour.
You gain extra lives every three experience levels.


Message History

You resist with some effort.
An orc wizard comes into view. It is wielding a +0 dagger.
An orc comes into view. It is wielding a +0 hand axe.
The orc hits you with a +0 war axe!
Ouch! That really hurt!
You are too injured to fight recklessly!
You are too injured to fight recklessly!
You are too injured to fight recklessly!
You are too injured to fight recklessly!
You are too injured to fight recklessly!
You are too injured to fight recklessly!
You are too injured to fight recklessly!
You are too injured to fight recklessly!
You are too injured to fight recklessly!
You are too injured to fight recklessly!
You are too injured to fight recklessly!
You are too injured to fight recklessly!
You are too injured to fight recklessly!
You are too injured to fight recklessly!
You are too injured to fight recklessly!
You are too injured to fight recklessly!
Unknown command.
You closely miss the orc. You scratch the orc wizard.
The orc wizard is lightly wounded.
Unknown command.
You closely miss the orc wizard. Your bite misses the orc wizard.
The orc wizard is lightly wounded.
You miss the orc wizard. Your bite misses the orc wizard.
The orc wizard is lightly wounded.
The orc wizard closely misses you.
The orc wizard gestures wildly while chanting.
The orc wizard flickers and vanishes for a moment.
You scratch the orc wizard.
The orc wizard is moderately wounded.
The orc wizard hits you with a +0 dagger.
* * * LOW HITPOINT WARNING * * *
The orc wizard barely misses you.
The orc wizard hits you with a +0 dagger.
You die...

#.(..#####...# ##.....##
#.......##########...#
#.#....###...# ##.#.#
####.......# #..#.#
#####...####.##.#
#...##..†##.# .
#######...##.####.#
....####o.................
.....ooo.@.###...##.####.#
.####o###### #...##.####..
# #......##....
####.###..#.# #......>...#
######....#######
.................
.......##.#######
....####..#


You could see 2 orc wizards and 3 orcs.

Vanquished Creatures
  Natasha (twice) (D:2)
  Robin (D:2)
  3 adders (D:2)
  A dart slug (D:2)
  7 ball pythons
  3 bats (D:1)
  6 endoplasms
  2 giant cockroaches
  4 hobgoblins (D:2)
  4 jackals (D:1)
  2 kobolds
  A quokka (D:2)
  2 frilled lizards
  14 goblins
  5 rats
57 creatures vanquished.

Vanquished Creatures (others)
  3 fungi (D:3)
  A plant (D:3)
4 creatures vanquished.

Grand Total: 61 creatures vanquished

Notes
Turn   | Place    | Note
-------+----------+-------------------------------------------
     0 | D:1      | Descartes the Felid Wanderer began the quest for the Orb.
     0 | D:1      | Descartes set off with the following items: a wand of
                  | mindburst (17), a potion of attraction, a potion of
                  | lignification, a scroll of fog.
     0 | D:1      | Reached XP level 1. HP: 7/7 MP: 2/2
   311 | D:1      | Reached XP level 2. HP: 4/11 MP: 3/3
  1588 | D:2      | Noticed Robin
  1948 | D:2      | Reached XP level 3. HP: 7/14 MP: 4/4
  2071 | D:2      | Killed Robin
  2229 | D:2      | Reached skill level 1 in Transmutations
  2559 | D:2      | Reached skill level 1 in Poison Magic
  2565 | D:2      | Reached XP level 4. HP: 13/18 MP: 5/5
  2980 | D:2      | Found a faded altar of an unknown god.
  3057 | D:2      | Noticed Natasha
  3068 | D:2      | Slain by Natasha
  3069 | D:2      | Reached XP level 3. HP: 0/14 MP: 4/4
  3086 | D:2      | Killed Natasha
  3248 | D:2      | Reached XP level 4. HP: 18/18 MP: 5/5
  3845 | D:2      | Noticed Natasha
  3878 | D:2      | Killed Natasha
  4042 | D:3      | Noticed an ogre
  4139 | D:3      | Found a runed translucent gate.
  4139 | D:3      | Found a runed translucent gate.
  4140 | D:3      | Found a runed translucent gate.
  4148 | D:3      | Noticed a kobold brigand
  4149 | D:3      | Noticed ababab's ghost (weakling FeEn)
  4328 | D:3      | Slain by an orc wizard

Illustrated notes

Levels and vault maps discovered:
D:1:      minmay_arrival_plants_in_alcoves, layout_basic
D:2:      layout_loops_corners, hellmonk_ecumenical_altar_run_dry,
          kennysheep_cross_room, uniq_robin, uniq_natasha
D:3:      layout_rooms, gammafunk_ghost_nasty_kobolds

Skill      XL: |  1  2  3 |
---------------+----------+-----
Dodging        | 2 3 |  3.5
Transmutations | 1 |  1.9
Poison Magic   | 1 |  1.4
Stealth        | |  1.3
Unarmed Combat | |  4.7
Evocations     | |  4.8

Action                   |  1- 3 |  4- 6 || total
-------------------------+-------+-------++-------
Melee: Unarmed           |   101 |    53 ||   154
       Bite              |     5 |     1 ||     6
       Punch             |     2 |     1 ||     3
Evoke: Wand              |     3 |       ||     3
 Stab: Sleeping          |     4 |     2 ||     6
Armor: Skin              |     5 |     4 ||     9
Dodge: Dodged            |    93 |    31 ||   124
